 Dungeon Crawl Stone Soup version 0.30-a0-972-gf3ab3527aa (webtiles) character file.

Game seed: 501527713612387072

15 sanka the Chiller (level 2, 22/22 HPs)
             Began as a Naga Ice Elementalist on Mar 31, 2023.
             Quit the game on level 1 of the Dungeon.
             The game lasted 00:01:42 (639 turns).

sanka the Chiller (Naga Ice Elementalist)            Turns: 639, Time: 00:01:43

Health: 22/22      AC:  1    Str: 10    XL:     2   Next: 50%
Magic:  5/5        EV:  9    Int: 15    God:
Gold:   33         SH:  0    Dex: 11    Spells: 4/5 levels left

rFire   . . .      SeeInvis +    (no weapon)
rCold   . . .      Faith    .    (no shield)
rNeg    . . .      Spirit   .    a - +0 robe
rPois   +          Reflect  .    g - +0 hat
rElec   .          Rampage  .    (no cloak)
rCorr   .                        (no gloves)
Will    .....                    (no barding)
Stlth   ++                       (no amulet)
HPRegen 0.23/turn                (no ring)
MPRegen 0.09/turn                (no ring)

@: very slow
A: AC +0, large, see invisible, deformed body, poison resistance, slowness 2,
spit poison 1, naga tail 1
a: Spit Poison


You were on level 1 of the Dungeon.
You visited 1 branch of the dungeon, and saw 1 of its levels.

You collected 33 gold pieces.


Innate Abilities, Weirdness & Mutations

Your serpentine skin is tough. (AC +0)
You have supernaturally acute eyesight. (SInv)
Armour fits poorly on your strangely shaped body.
Your system is resistant to poisons. (rPois)
You cover ground very slowly.
You can spit poison.
You have a snake-like lower body.


   Skills:
 - Level 1.5 Dodging
 - Level 3.0 Stealth
 - Level 2.0 Spellcasting
 + Level 4.6 Ice Magic


You had 4 spell levels left.
You knew the following spells:

 Your Spells              Type           Power      Damage    Failure   Level
z - Freeze                Ice            60%        1d7       3%          1

Your spell library contained the following spells:

 Spells                   Type           Power      Damage    Failure   Level
 Frozen Ramparts          Ice            30%        1d5       10%         3
 Ozocubu's Armour         Ice            15%        N/A       10%         3
 Summon Ice Beast         Ice/Summ       8%         N/A       63%         4

Inventory:

Armour
 a - a +0 robe (worn)
 g - a +0 hat (worn)
Jewellery
 h - an amulet of regeneration
Scrolls
 c - a scroll of identify {unknown}
 d - a scroll of teleportation {unknown}
 e - a scroll of noise {unknown}
 f - a scroll of immolation {unknown}
Potions
 b - a potion of magic

Dungeon Overview and Level Annotations

Branches:
Dungeon (1/15)

Altars:

▒▒▒▒▒▒▒ ▒.....▒
▒.....▒ ▒..N..▒
▒▒▒▒▒▒ ▒.....▒▒▒▒▒▒
▒....▒ ▒..........▒
▒....▒
▒..........▒▒▒▒.....
▒..........▒▒.+.....
▒▒+▒▒......▒▒.▒....▒
▒...........[..▒
▒..........▒▒▒▒▒
▒...............


There were no monsters in sight!


Message History

A rat is nearby!
The rat bites you.
You freeze the rat.
The rat is moderately wounded.
The rat barely misses you.
You freeze the rat.
You kill the rat!
You see here a rat corpse.
You see here a rat corpse.
There is an open door here.
There is a stone staircase leading down here.
You open the door.
There is an open door here.
You see here a +0 ring mail.
Found a square copper amulet.
h - an amulet of regeneration Saving game... please wait.
Options error: Bad object type '%' for autopickup. (~/.crawlrc:98) Options error: Bad monster_list_colour key: strict_neutral (~/.crawlrc:1385) Options error: Unknown monster: "worker ant:red B" (~/.crawlrc:1491) Options error: Unknown monster: "queen ant:lightgreen B" (~/.crawlrc:1492) Options error: Unknown monster: "soldier ant:white B" (~/.crawlrc:1493) Options error: Unknown monster: "blood saint:9" (~/.crawlrc:1525) Options error: Unknown monster: "warmonger:9" (~/.crawlrc:1526) Options error: Unknown monster: "corrupter:9" (~/.crawlrc:1527) Options error: Unknown monster: "black sun:9" (~/.crawlrc:1528) Options error: Unknown monster: "greater mummy:lightmagenta M" (~/.crawlrc:1534) Bad channel name for runrest: 'Jiyva says: Divide and consume' Welcome back, sanka the Naga Ice Elementalist.
Are you sure you want to abandon this character and quit the game? (Confirm with "yes".)

Action                     || total
---------------------------++-------
  Melee: Unarmed           ||     4
   Cast: Freeze            ||    10
Ability: Spit Poison       ||    10
 Armour: Robe              ||     6
  Dodge: Dodged            ||     9

Levels and vault maps discovered:
D:1:      wander_arrival_peaceful_grave, layout_basic, grunt_decor_mini_mirrors

Notes
Turn   | Place    | Note
-------+----------+-------------------------------------------
     0 | D:1      | sanka the Naga Ice Elementalist began the quest for the
                  | Orb.
     0 | D:1      | Reached XP level 1. HP: 15/15 MP: 3/3
   175 | D:1      | Reached XP level 2. HP: 22/22 MP: 3/5
   639 | D:1      | Quit the game

Vanquished Creatures
  3 endoplasms (D:1)
  2 goblins (D:1)
  A hobgoblin (D:1)
  3 ball pythons (D:1)
  2 bats (D:1)
  A frilled lizard (D:1)
  2 rats (D:1)
14 creatures vanquished.
